[Event "Team 45 45 League T51"]
[Site "Internet Chess Club"]
[Date "2011.12.03"]
[Round "4"]
[White "Bible-Believer"]
[Black "Zyme"]
[Result "1-0"]
[WhiteElo "1487"]
[BlackElo "1352"]
[Opening "French: Two knights variation"]
[ECO "C00"]
[Time "16:08:58"]
[TimeControl "2700+45"]

1. e4 e6 2. Nf3 d5 3. Nc3 c5 4. exd5 exd5 5. d4 Nf6 6. Bg5 c4 7. Be2 Be7 8. O-O
O-O 9. Qd2 Nc6 10. b3 Be6 11. Ne5 Rc8 12. bxc4 dxc4 13. Nxc6 Rxc6 14. Rab1 Qd7
15. d5 Rd6 16. Bf4 Nxd5 17. Bxd6 Nxc3 18. Qxc3 Bxd6 19. Bxc4 Rc8 20. Bxe6 Qxe6
21. Qb3 Qe5 22. g3 b6 23. Rfe1 Qc5 24. Qe3 Qxc2 25. Rbc1 Qf5 26. Rxc8+ Qxc8 27.
Qe8+ Qxe8 28. Rxe8+ Bf8 29. Ra8 h6 30. Rxa7 Bc5 31. a4 f6 32. Rc7 Bd4 33. Rc4
Be5 34. f4 Bb8 35. Rc8+ {Black resigns} 1-0

[Event "Team 45 45 League T51"]
[Site "Internet Chess Club"]
[Date "2011.12.04"]
[Round "4"]
[White "vael"]
[Black "kabindra"]
[Result "1-0"]
[WhiteElo "1804"]
[BlackElo "1800"]
[Opening "Ruy Lopez: exchange variation, Alapin gambit"]
[ECO "C68"]
[Time "18:00:08"]
[TimeControl "2700+45"]

1. e4 e5 2. Nf3 Nc6 3. Bb5 a6 4. Bxc6 dxc6 5. O-O Bg4 6. h3 h5 7. d3 Qf6 8. Be3
Bd6 9. Nbd2 Ne7 10. Re1 Bd7 11. d4 O-O-O 12. Nc4 Be6 13. Bg5 Qg6 14. Nxd6+ cxd6
15. Bxe7 Rd7 16. Bh4 Bxh3 17. Bg3 h4 18. Nxh4 Rxh4 19. gxh3 Rxh3 20. Qf3 Kc7 21.
Kg2 Rh4 22. dxe5 Rg4 23. exd6+ Kd8 24. Qf5 Rxg3+ 25. fxg3 Qh6 26. Rad1 Rxd6 27.
Qf4 {Black resigns} 1-0

[Event "Team 45 45 League T51"]
[Site "Internet Chess Club"]
[Date "2011.12.04"]
[Round "4"]
[White "Portola"]
[Black "bshribharath"]
[Result "0-1"]
[WhiteElo "1735"]
[BlackElo "1756"]
[Opening "Queen's pawn game"]
[ECO "A46"]
[Time "09:30:28"]
[TimeControl "2700+45"]

1. d4 Nf6 2. Nf3 e6 3. Bf4 b6 4. h3 Bb7 5. e3 Be7 6. Bd3 O-O 7. Nbd2 d6 8. Qe2
Nbd7 9. O-O c5 10. c3 Rc8 11. Rac1 Qc7 12. Bh2 Rfd8 13. Rfd1 h6 14. e4 cxd4 15.
Nxd4 Qb8 16. b4 Ne5 17. Bb1 Qa8 18. f4 Nc6 19. N4f3 Rc7 20. a3 a5 21. b5 Nb8 22.
a4 Nbd7 23. e5 dxe5 24. fxe5 Nd5 25. Qe4 Nf8 26. Qg4 Nxc3 27. Rxc3 Rxc3 28. Kh1
Rxf3 29. gxf3 Bxf3+ 30. Nxf3 Rxd1+ {White resigns} 0-1

[Event "Team 45 45 League T51"]
[Site "Internet Chess Club"]
[Date "2011.12.04"]
[Round "4"]
[White "FlyingTiger"]
[Black "RD1974"]
[Result "1/2-1/2"]
[WhiteElo "1798"]
[BlackElo "1685"]
[Opening "Scandinavian: Pytel-Wade variation"]
[ECO "B01"]
[Time "19:00:35"]
[TimeControl "2700+45"]

1. e4 d5 2. exd5 Qxd5 3. Nc3 Qd6 4. d4 Nf6 5. Nf3 c6 6. Bg5 Bf5 7. Qd2 Nbd7 8.
O-O-O e6 9. Bd3 Bxd3 10. Qxd3 Be7 11. Rhe1 Nb6 12. Ne5 O-O 13. h4 Nbd5 14. Nxd5
cxd5 15. Kb1 Ne4 16. Bxe7 Qxe7 17. Qe3 Qxh4 18. g3 Qe7 19. Rh1 Rfc8 20. Qd3 f5
21. Rh2 Qb4 22. Ka1 Rc7 23. g4 Rac8 24. f3 Rc3 25. Qf1 Rxc2 26. Rxc2 Rxc2 27.
Rb1 Nd2 28. Qd3 Rc7 29. Rd1 a5 30. gxf5 exf5 31. Qxf5 Qxd4 32. Qe6+ Kf8 33. Qf5+
Ke8 34. Qe6+ Kf8 35. Qf5+ {Game drawn by mutual agreement} 1/2-1/2

[Event "Team 45 45 League T51"]
[Site "Internet Chess Club"]
[Date "2011.12.03"]
[Round "4"]
[White "Razorbackchess"]
[Black "TwoEqualsOne"]
[Result "1/2-1/2"]
[WhiteElo "1726"]
[BlackElo "1718"]
[Opening "Grünfeld: exchange, Spassky variation"]
[ECO "D87"]
[Time "18:00:49"]
[TimeControl "2700+45"]

1. d4 Nf6 2. c4 g6 3. Nc3 d5 4. cxd5 Nxd5 5. e4 Nxc3 6. bxc3 c5 7. Bc4 Bg7 8.
Ne2 O-O 9. Be3 cxd4 10. cxd4 Nc6 11. Qd2 Na5 12. Bd3 b6 13. Rc1 Bb7 14. f3 Rc8
15. O-O Qd7 16. Kh1 Rxc1 17. Rxc1 Rc8 18. g4 e6 19. Kg2 Rxc1 20. Qxc1 Qc6 21.
Qxc6 Bxc6 22. Nc3 Kf8 23. Nb5 Bxb5 24. Bxb5 Ke7 25. Kf2 Nb7 26. e5 f6 27. f4 h6
28. h4 g5 29. hxg5 hxg5 30. fxg5 fxe5 31. dxe5 Bxe5 32. Kf3 Nc5 33. g6 Bg7 34.
g5 Nb7 35. Bd2 e5 36. Bb4+ Ke6 37. Ke4 Nd6+ 38. Bxd6 Kxd6 39. Kf5 Ke7 {Game
drawn by mutual agreement} 1/2-1/2

[Event "Team 45 45 League T51"]
[Site "Internet Chess Club"]
[Date "2011.12.04"]
[Round "4"]
[White "Stryker672"]
[Black "Ayensa80"]
[Result "1-0"]
[WhiteElo "1997"]
[BlackElo "1679"]
[Opening "Bishop's opening: Ponziani gambit"]
[ECO "C24"]
[Time "11:02:21"]
[TimeControl "2700+45"]

1. e4 e5 2. Bc4 Nf6 3. d4 Nxe4 4. dxe5 Bc5 5. Bxf7+ Kxf7 6. Qd5+ Ke8 7. Qxe4 Rf8
8. Nf3 h6 9. O-O Qe7 10. Nc3 c6 11. Bf4 d5 12. exd6 Qxe4 13. Nxe4 Bxf2+ 14. Rxf2
Rxf4 15. Re1 Kf8 16. Ne5 Rxf2 17. Kxf2 Bf5 18. Nc5 Na6 19. Nxb7 Nb4 20. d7 Bxc2
21. d8=Q+ Rxd8 22. Nxd8 {Black resigns} 1-0

[Event "Team 45 45 League T51 u"]
[Site "Internet Chess Club"]
[Date "2011.12.02"]
[Round "4"]
[White "barbak"]
[Black "CzwartyWymiar"]
[Result "0-1"]
[WhiteElo "1869"]
[BlackElo "1798"]
[Opening "Ruy Lopez: Schliemann defense"]
[ECO "C63"]
[Time "14:55:37"]
[TimeControl "2700+45"]

1. e4 e5 2. Nf3 Nc6 3. Bb5 f5 4. d3 fxe4 5. dxe4 Nf6 6. O-O Bc5 7. Qd3 d6 8. Qc4
a6 9. Bxc6+ bxc6 10. b4 Bb6 11. Qxc6+ Bd7 12. Qc4 Bb5 13. Qe6+ Qe7 14. Qxe7+
Kxe7 15. Rd1 Nxe4 16. Be3 Bxe3 17. fxe3 Rhf8 18. Na3 Be2 19. Re1 Bxf3 20. gxf3
Rxf3 21. Nc4 Rf2 22. Rac1 Raf8 23. Rf1 R8f5 24. Rxf2 Rxf2 25. a4 Kd7 26. Rd1 Kc6
27. Na5+ Kb6 28. Nc4+ Ka7 29. Na3 h5 30. Rd3 g5 31. b5 h4 {White resigns} 0-1

[Event "Team 45 45 League T51"]
[Site "Internet Chess Club"]
[Date "2011.12.04"]
[Round "4"]
[White "rahulr"]
[Black "Duguesclin"]
[Result "0-1"]
[WhiteElo "1611"]
[BlackElo "1682"]
[Opening "Nimzo-Indian: three knights variation"]
[ECO "E21"]
[Time "11:00:21"]
[TimeControl "2700+45"]

1. d4 Nf6 2. c4 e6 3. Nc3 Bb4 4. Nf3 b6 5. e3 Bb7 6. Bd3 O-O 7. O-O d5 8. a3
Bxc3 9. bxc3 dxc4 10. Bxc4 Nbd7 11. Re1 Ne4 12. Qc2 Ndf6 13. Ne5 c5 14. f3 Nd6
15. Bd3 Rc8 16. c4 cxd4 17. exd4 Nb5 18. Be3 Nxd4 19. Qb2 Nc6 20. Rad1 Qc7 21.
Bf4 Nh5 22. Bxh7+ Kxh7 23. Rd7 Qb8 24. Nxc6 Qxf4 25. Rxb7 Rxc6 26. Re4 Qf6 27.
Qb1 Kg8 28. Rxa7 Qg6 29. Ra6 Nf6 30. Re1 Qxb1 31. Rxb1 Rxc4 32. Rbxb6 Rfc8 33.
a4 Rc1+ 34. Kf2 R8c2+ 35. Kg3 Nh5+ 36. Kg4 g6 37. Ra8+ Kg7 38. f4 Rf1 39. Rb4
f5+ 40. Kh3 Nxf4+ 41. Kh4 g5+ 42. Kxg5 Rxg2+ 43. Kh4 Rxh2+ 44. Kg3 Rg2+ 45. Kh4
Rh1# {White checkmated} 0-1

[Event "Team 45 45 League T51"]
[Site "Internet Chess Club"]
[Date "2011.12.05"]
[Round "4"]
[White "room-matt"]
[Black "werty"]
[Result "1-0"]
[WhiteElo "1713"]
[BlackElo "1531"]
[Opening "French: Rubinstein variation"]
[ECO "C10"]
[Time "14:01:53"]
[TimeControl "2700+45"]

1. d4 e6 2. e4 d5 3. Nc3 dxe4 4. Nxe4 Nd7 5. Nf3 Ngf6 6. Nxf6+ Nxf6 7. Bd3 c5 8.
c3 cxd4 9. Nxd4 Bd6 10. Be3 Qc7 11. Nb5 Qc6 12. Nxd6+ Qxd6 13. Bb5+ Ke7 14.
Qxd6+ Kxd6 15. Rd1+ Ke5 16. f4+ Kf5 17. Bd3+ Kg4 18. h3+ Kg3 19. O-O Nd5 20.
Bf2+ Kxf4 21. Bh4+ Ke5 22. Bg3+ {Black resigns} 1-0

[Event "Team 45 45 League T51"]
[Site "Internet Chess Club"]
[Date "2011.12.04"]
[Round "4"]
[White "Tamarin"]
[Black "DarkFlow"]
[Result "1-0"]
[WhiteElo "1823"]
[BlackElo "1800"]
[Opening "Queen's Indian: 4.Nc3"]
[ECO "E12"]
[Time "03:10:56"]
[TimeControl "2700+45"]

1. d4 Nf6 2. c4 e6 3. Nf3 b6 4. Nc3 Bb7 5. e3 c5 6. Bd3 Be7 7. O-O cxd4 8. exd4
d5 9. cxd5 Nxd5 10. a3 O-O 11. Re1 Nc6 12. Nxd5 Qxd5 13. Bc2 Bf6 14. Qd3 g6 15.
Bb3 Qd6 16. Be3 Rfd8 17. Red1 Rd7 18. Rac1 Na5 19. Ba4 Bxf3 20. gxf3 Rdd8 21. b4
Nb7 22. Bc6 Rab8 23. Qa6 Nc5 24. dxc5 Qxc6 25. Rxd8+ Rxd8 26. cxb6 Qxf3 27. Qc4
axb6 28. Bxb6 Ra8 29. a4 Rxa4 30. Qc8+ Kg7 31. Bc5 Ra8 32. Bf8+ Kg8 33. Bh6+
Rxc8 34. Rxc8+ Bd8 35. Rxd8# {Black checkmated} 1-0

[Event "Team 45 45 League T51"]
[Site "Internet Chess Club"]
[Date "2011.12.03"]
[Round "4"]
[White "az2112"]
[Black "mongmong"]
[Result "1-0"]
[WhiteElo "1759"]
[BlackElo "1606"]
[Opening "French: Tarrasch, open variation"]
[ECO "C07"]
[Time "21:08:55"]
[TimeControl "2700+45"]

1. d4 e6 2. e4 d5 3. Nd2 c5 4. exd5 Qxd5 5. Ngf3 cxd4 6. Bc4 Qd6 7. O-O Nf6 8.
Nb3 Nc6 9. Nbxd4 Nxd4 10. Nxd4 Bd7 11. Nb5 Qc5 12. Qe2 Nd5 13. Rd1 Nb6 14. Bd3
a6 15. Be3 Qc6 16. Nc3 Be7 17. Rd2 O-O 18. Be4 Nd5 19. Nxd5 exd5 20. Bxd5 Qc7
21. Rad1 Bf6 22. c3 Bc6 23. Bxc6 Qxc6 24. Rd6 Qa4 25. b3 Qe4 26. Qd3 Qxd3 27.
R6xd3 Rfd8 28. Bd4 Bxd4 29. Rxd4 Rxd4 30. Rxd4 Kf8 31. Rd7 b5 32. f3 Rc8 33. Rd3
Ke7 34. Kf2 Rd8 35. Ke3 Rxd3+ 36. Kxd3 Kd6 37. Kd4 f5 38. f4 h6 39. c4 g6 40.
cxb5 axb5 41. a4 bxa4 42. bxa4 {Black resigns} 1-0

[Event "Team 45 45 League T51"]
[Site "Internet Chess Club"]
[Date "2011.12.04"]
[Round "4"]
[White "Philly-Boy"]
[Black "eurander"]
[Result "0-1"]
[WhiteElo "1865"]
[BlackElo "2186"]
[Opening "QGD semi-Slav"]
[ECO "D43"]
[Time "17:04:25"]
[TimeControl "2700+45"]

1. d4 d5 2. c4 c6 3. Nf3 Nf6 4. Nc3 e6 5. Bg5 h6 6. Bh4 dxc4 7. e4 g5 8. Bg3 b5
9. e5 Nd5 10. Be2 Bb4 11. Qc2 Qa5 12. O-O Bxc3 13. bxc3 Qxc3 14. Qe4 Nd7 15. h4
gxh4 16. Bxh4 Bb7 17. Rfc1 Qa3 18. Qg4 Ne7 19. Qg7 Ng6 20. d5 cxd5 21. Nd4 Qf8
22. Nxe6 Qxg7 23. Nxg7+ Kf8 24. Nf5 Nxh4 25. Nxh4 Nxe5 26. Rab1 a6 27. a4 Bc6
28. Nf5 Rb8 29. Nd4 Bd7 30. f4 Nc6 31. Nf3 Ke7 32. Rd1 Bf5 33. Rbc1 Be4 {White
resigns} 0-1

[Event "Team 45 45 League T51"]
[Site "Internet Chess Club"]
[Date "2011.12.06"]
[Round "4"]
[White "kidviper"]
[Black "pishd"]
[Result "1-0"]
[WhiteElo "1977"]
[BlackElo "1641"]
[Opening "Caro-Kann: advance variation"]
[ECO "B12"]
[Time "15:11:02"]
[TimeControl "2700+45"]

1. e4 c6 2. d4 d5 3. e5 Bf5 4. Bd3 Bxd3 5. Qxd3 Qa5+ 6. Bd2 Qa6 7. Qh3 e6 8. Ne2
Ne7 9. Nbc3 Nd7 10. O-O c5 11. f4 Nf5 12. a4 Nxd4 13. Nxd4 cxd4 14. Nb5 O-O-O
15. Nxd4 Bc5 16. c3 h5 17. b4 Bxd4+ 18. cxd4 Qe2 19. Rf2 Qe4 20. a5 g6 21. Qa3
Kb8 22. a6 b5 23. Qa5 Nb6 24. Qxb5 Qc2 25. Rc1 Qa4 26. Qxa4 Nxa4 27. b5 Rc8 28.
Rff1 Nb2 29. Bb4 Rxc1 30. Rxc1 Nc4 31. Bc5 Rd8 32. Kf2 Rd7 33. Rc2 Ka8 34. Kg3
Rd8 35. Kh4 Rb8 36. Kg5 Rxb5 37. Kf6 Ra5 38. Kxf7 Rxa6 39. Kxg6 h4 40. g3 hxg3
41. hxg3 Ra1 42. Kf6 Ra6 43. Re2 Kb7 44. g4 Ra1 45. Kxe6 Kc6 46. f5 Rg1 47. f6
Rxg4 48. f7 Rg6+ 49. Kf5 Rg1 50. f8=Q Rf1+ 51. Kg6 Rxf8 52. Bxf8 a5 53. e6 a4
54. Bc5 a3 55. e7 {Black resigns} 1-0

[Event "Team 45 45 League T51"]
[Site "Internet Chess Club"]
[Date "2011.12.02"]
[Round "4"]
[White "timothysmall56"]
[Black "Warpdrive"]
[Result "1/2-1/2"]
[WhiteElo "1541"]
[BlackElo "1605"]
[Opening "Caro-Kann: classical variation"]
[ECO "B18"]
[Time "20:33:39"]
[TimeControl "2700+45"]

1. e4 c6 2. d4 d5 3. Nc3 dxe4 4. Nxe4 Bf5 5. Ng3 Bg6 6. Nf3 h6 7. Bd3 Bxd3 8.
Qxd3 e6 9. Bf4 Nf6 10. O-O Nd5 11. Bd2 Bd6 12. Rfe1 O-O 13. Rad1 Nd7 14. Ne4 Bc7
15. c4 N5f6 16. Bb4 Re8 17. Nd6 Bxd6 18. Bxd6 Nb6 19. Bb4 Qc7 20. Ne5 a5 21. Bd2
Rad8 22. Qg3 Kh7 23. Bxa5 Ra8 24. b4 Rxa5 25. bxa5 Nbd7 26. Nxf7 Qxa5 27. Nd6
Rf8 28. Nxb7 Qxa2 29. Rxe6 Qxc4 30. Qd3+ Qxd3 31. Rxd3 Rb8 32. Rb3 c5 33. Nxc5
Nxc5 34. Rxb8 Nxe6 {Game drawn by mutual agreement} 1/2-1/2

[Event "Team 45 45 League T51"]
[Site "Internet Chess Club"]
[Date "2011.12.06"]
[Round "4"]
[White "milesotoole"]
[Black "Dracoac"]
[Result "0-1"]
[WhiteElo "1507"]
[BlackElo "1703"]
[Opening "Sicilian: closed"]
[ECO "B23"]
[Time "18:04:00"]
[TimeControl "2700+45"]

1. e4 c5 2. Nc3 e6 3. f4 Nc6 4. Nf3 Be7 5. Bb5 Qc7 6. O-O a6 7. Bxc6 bxc6 8. d3
d5 9. e5 f6 10. Qe1 Nh6 11. h3 Nf5 12. g4 Nd4 13. Nxd4 cxd4 14. Nd1 O-O 15. Qg3
fxe5 16. fxe5 Bd7 17. Nf2 Rf7 18. h4 Raf8 19. Bg5 Bxg5 20. hxg5 Rf3 21. Qh2 Re3
22. Rae1 Qb6 23. Nd1 Rxe1 24. Rxe1 Qd8 25. Qh4 h6 26. Kg2 Qxg5 27. Qxg5 hxg5 28.
Rh1 Rf4 29. Nf2 Be8 30. Kg3 Rf7 31. Nh3 Rb7 32. b3 c5 33. Nxg5 Rb6 34. Nf3 a5
35. Nd2 a4 36. Rd1 Ra6 37. Ra1 Bg6 38. Kf4 axb3 39. Nxb3 c4 40. dxc4 Bxc2 41.
Nxd4 Be4 42. cxd5 Bxd5 43. a4 Ra5 44. g5 Kf7 45. Kg4 Kg6 46. Ra3 Rc5 47. Nf3
Rc4+ 48. Kg3 Bxf3 49. Kxf3 Kxg5 50. a5 Kf5 51. a6 Rc8 52. a7 Ra8 53. Ra5 g6 54.
Kg3 Kg5 55. Ra4 Kf5 56. Ra5 Kg5 57. Ra4 Kh5 58. Rh4+ Kg5 59. Rg4+ Kf5 60. Rf4+
Kxe5 61. Ra4 Kf5 62. Kf3 e5 63. Ra5 g5 64. Ra4 g4+ 65. Rxg4 Rxa7 66. Rg8 Ra3+
67. Ke2 Ke4 68. Rg4+ Kf5 69. Rc4 e4 70. Rc1 e3 71. Rf1+ Ke4 72. Rc1 Ra2+ 73. Ke1
Kf3 74. Rc3 Ra1+ {White resigns} 0-1

[Event "Team 45 45 League T51"]
[Site "Internet Chess Club"]
[Date "2011.12.05"]
[Round "4"]
[White "fledermaus"]
[Black "BigH"]
[Result "0-1"]
[WhiteElo "1956"]
[BlackElo "2254"]
[Opening "Grünfeld: exchange variation"]
[ECO "D85"]
[Time "11:12:53"]
[TimeControl "2700+45"]

1. d4 Nf6 2. c4 g6 3. Nc3 d5 4. cxd5 Nxd5 5. Bd2 Bg7 6. e4 Nxc3 7. Bxc3 O-O 8.
Bc4 c5 9. d5 Bxc3+ 10. bxc3 Qd6 11. Ne2 f5 12. O-O fxe4 13. Ng3 Rf4 14. Qe2 Bf5
15. Qe3 Nd7 16. Ne2 Rh4 17. g3 Ne5 18. gxh4 Nf3+ 19. Qxf3 exf3 20. Ng3 Qf4 21.
Bb3 c4 22. Ba4 Rd8 23. Nxf5 Qxf5 24. Kh1 Rxd5 25. Rad1 Qh3 26. Rg1 Ra5 27. Bd7
Qxh4 28. Be6+ Kg7 29. Rd2 Rh5 30. h3 Qxh3+ {White resigns} 0-1

[Event "Team 45 45 League T51"]
[Site "Internet Chess Club"]
[Date "2011.11.30"]
[Round "4"]
[White "Nakke"]
[Black "gerailen0075"]
[Result "1-0"]
[WhiteElo "1905"]
[BlackElo "1857"]
[Opening "Pirc defense"]
[ECO "B07"]
[Time "16:31:04"]
[TimeControl "2700+45"]

1. d4 d6 2. e4 Nf6 3. Nc3 e5 4. dxe5 dxe5 5. Qxd8+ Kxd8 6. Bc4 Ke8 7. Be3 Ng4 8.
Nd5 Nxe3 9. fxe3 Bd6 10. Nf3 Nd7 11. Ng5 f6 12. Ne6 Nb6 13. Nxg7+ Kf8 14. Nxb6
axb6 15. Nh5 Ke7 16. Rf1 Rf8 17. Ng3 Bc5 18. Kd2 Bg4 19. Nf5+ Ke8 20. h3 Rd8+
21. Bd3 Bxf5 22. Rxf5 Kf7 23. Raf1 Kg7 24. Ke2 h6 25. Bc4 Rd6 26. R1f3 Rfd8 27.
Rg3+ Kh7 28. Bd3 Rg8 29. Rff3 Rxg3 30. Rxg3 Rd7 31. Rf3 Be7 32. Bc4 Bd8 33. Be6
Rg7 34. g4 Re7 35. Bf5+ Kg7 36. Rf1 c5 37. Rd1 Bc7 38. c4 Kf7 39. Bc8 Bb8 40.
Rd8 Bc7 41. Rd3 Bb8 42. h4 Kg7 43. h5 Kf7 44. Kd2 Ke8 45. Kc2 b5 46. cxb5 b6 47.
Bf5 Ra7 48. a3 Ke7 49. Kc3 Bd6 50. Kc4 Ra5 51. Kd5 Rxb5 52. Kc6 c4 53. Rd2 c3
54. bxc3 Rc5+ 55. Kxb6 Rxc3 56. a4 Rb3+ 57. Ka6 Ra3 58. a5 Rc3 59. Rd5 Rc6+ 60.
Kb7 Rc7+ 61. Kb6 Rc3 62. a6 Rb3+ 63. Rb5 Bc7+ 64. Kxc7 Rxb5 65. a7 Ra5 66. Kb7
{Black resigns} 1-0

[Event "Team 45 45 League T51"]
[Site "Internet Chess Club"]
[Date "2011.12.05"]
[Round "4"]
[White "ScotchYeti"]
[Black "RizwanGill"]
[Result "1/2-1/2"]
[WhiteElo "1706"]
[BlackElo "1614"]
[Opening "Sicilian: dragon variation"]
[ECO "B70"]
[Time "13:06:20"]
[TimeControl "2700+45"]

1. e4 c5 2. Nf3 d6 3. d4 cxd4 4. Nxd4 Nf6 5. Nc3 g6 6. Be2 Bg7 7. O-O O-O 8. Bg5
h6 9. Bh4 Nc6 10. Nb3 a6 11. Kh1 Qc7 12. Nd5 Nxd5 13. exd5 Ne5 14. c3 Re8 15.
Rc1 b5 16. Nd2 Bb7 17. Nf3 Nxf3 18. Bxf3 Qc4 19. Bg3 Qxa2 20. Qd2 b4 21. cxb4
Qxb2 22. Rc2 Qd4 23. Qxd4 Bxd4 24. Rc7 Rab8 25. Re1 Kf8 26. Bf4 g5 27. Bg3 Bb6
28. Rc3 Rec8 29. Rxc8+ Rxc8 30. h4 Rc2 31. hxg5 hxg5 32. Kg1 Rd2 33. Rd1 Rxd1+
34. Bxd1 Bxd5 35. Be2 Bb7 36. Kf1 Bd4 37. f3 Bc3 38. b5 a5 39. Bf2 a4 40. Be1
Bb2 41. Bd2 d5 42. Bd1 a3 43. Bb3 f6 44. Bb4 Ke8 45. Ke2 Kd7 46. Bc5 e6 47. Kd3
e5 48. Ba2 Ke6 49. Ke2 Kf5 50. Bd6 g4 51. fxg4+ Kxg4 52. Kf2 Bd4+ 53. Kf1 f5 54.
Bxa3 Kg3 55. Bb1 f4 56. Bb4 f3 57. gxf3 Kxf3 58. Bf5 e4 59. Ba5 e3 60. Bd3 Bc5
61. Be2+ Ke4 62. Ke1 d4 63. Bd1 d3 64. Bg4 Bd6 65. Kd1 Kf4 66. Bd7 Kf3 67. Bc6+
Bxc6 68. bxc6 Kf2 69. Be1+ Kf1 70. Ba5 Kf2 71. Be1+ Kf3 72. Ba5 Ke4 73. c7 Bxc7
74. Bxc7 Kf3 75. Ba5 Kf2 76. Be1+ Kf1 77. Bh4 Kg2 78. Be1 Kf3 79. Bh4 Ke4 80.
Bg5 Kd4 81. Bf6+ Kc4 82. Bg5 e2+ 83. Kd2 Kb3 84. Bh4 Kc4 85. Bf2 {Game drawn by
mutual agreement} 1/2-1/2

[Event "Team 45 45 League T51"]
[Site "Internet Chess Club"]
[Date "2011.12.05"]
[Round "4"]
[White "imawesome"]
[Black "charles-allen"]
[Result "0-1"]
[WhiteElo "1844"]
[BlackElo "1909"]
[Opening "Bishop's opening: Berlin defense"]
[ECO "C24"]
[Time "20:00:24"]
[TimeControl "2700+45"]

1. e4 e5 2. Bc4 Nf6 3. d3 Bc5 4. Nc3 O-O 5. f4 exf4 6. Bxf4 c6 7. Nf3 d5 8. exd5
Re8+ 9. Ne2 cxd5 10. Bb3 Nc6 11. d4 Bb6 12. O-O Ne4 13. c3 Na5 14. Ng3 Nxb3 15.
Qxb3 Be6 16. Nd2 g5 17. Be3 Nxg3 18. hxg3 Bc7 19. Qd1 Qe7 20. Nf3 f6 21. Bf2 Bf5
22. Qb3 Qd7 23. Rfe1 Qc6 24. Rac1 Bd3 25. Rcd1 Be2 26. Rd2 Bc4 27. Qc2 Rxe1+ 28.
Nxe1 Qe6 29. b3 Bb5 30. Qd1 Re8 31. Nd3 b6 32. Qf3 Bd6 33. Kf1 Qe4 34. a4 Ba6
35. Kg1 Kg7 36. Nb4 Bb7 37. Qxe4 Rxe4 38. Rd3 Re2 39. Re3 Rxe3 40. Bxe3 Bxg3 41.
Kf1 a5 42. Nd3 Ba6 43. Ke2 Kg6 44. Bd2 h5 45. Ke3 Kf5 46. b4 Bc4 47. bxa5 bxa5
48. Kf3 h4 49. Nf2 Bb3 50. c4 dxc4 51. Bxa5 Bxa4 52. Bc3 Bc6+ 53. Ke3 Bxg2
{White resigns} 0-1

[Event "Team 45 45 League T51"]
[Site "Internet Chess Club"]
[Date "2011.12.03"]
[Round "4"]
[White "j65536d"]
[Black "ryan2chess"]
[Result "1-0"]
[WhiteElo "1808"]
[BlackElo "1901"]
[Opening "Sicilian: Hungarian variation"]
[ECO "B27"]
[Time "13:00:44"]
[TimeControl "2700+45"]

1. e4 c5 2. Nf3 g6 3. d4 cxd4 4. Qxd4 Nf6 5. e5 Nc6 6. Qh4 Nd5 7. Bc4 Nb6 8. Bb3
Bg7 9. Bh6 O-O 10. Bxg7 Kxg7 11. Nc3 e6 12. Qf4 d5 13. exd6 e5 14. Qd2 Bg4 15.
Ng5 Nd4 16. f3 Bh5 17. O-O-O h6 18. Nge4 a5 19. a3 a4 20. Ba2 Rc8 21. g4 Nxf3
22. Qg2 Nh4 23. Qg3 Bxg4 24. Qxg4 f5 25. Qg3 fxe4 26. Qxe5+ Qf6 27. Qxe4 Qf4+
28. Rd2 Nf3 29. Qxf4 Rxf4 30. Rf2 Rff8 31. Re2 Rce8 32. Rxe8 Rxe8 33. Rf1 Ne5
34. Ne4 Nbd7 35. Bd5 b6 36. Nc3 Nc5 37. b4 axb3 38. cxb3 Rf8 39. Rxf8 Kxf8 40.
b4 Ncd3+ 41. Kd2 Nf4 42. Ke3 Nxd5+ 43. Nxd5 Nd7 44. Ke4 Kf7 45. Nc7 Nf6+ 46. Kf4
Nd7 47. a4 Kf6 48. a5 bxa5 49. bxa5 g5+ 50. Ke4 h5 51. a6 Nb6 52. a7 g4 53. Nd5+
Ke6 54. Nxb6 Kxd6 55. a8=Q h4 56. Qd5+ Ke7 57. Qg5+ Kd6 58. Qxg4 Kc6 59. Qxh4
Kxb6 60. Qd8+ Kc6 61. h4 Kc5 62. h5 Kc4 63. h6 Kc5 64. h7 Kc6 65. h8=Q Kc5 66.
Qc3+ Kb5 67. Qda5# {Black checkmated} 1-0

[Event "Team 45 45 League T51"]
[Site "Internet Chess Club"]
[Date "2011.12.03"]
[Round "4"]
[White "tyler66"]
[Black "ChessicalZ"]
[Result "0-1"]
[WhiteElo "1620"]
[BlackElo "1763"]
[Opening "Philidor's defense"]
[ECO "C41"]
[Time "11:00:36"]
[TimeControl "2700+45"]

1. e4 e5 2. Nf3 d6 3. Nc3 Nf6 4. d4 exd4 5. Nxd4 Be7 6. Bc4 O-O 7. O-O c6 8. a4
Nbd7 9. Re1 Ne5 10. Bd3 Re8 11. Bf4 Nxd3 12. cxd3 Qb6 13. Nb3 Be6 14. Ra3 Ng4
15. a5 Qxf2+ 16. Kh1 Qxf4 17. g3 Qf2 18. Re2 Qf3+ 19. Kg1 d5 20. Nd4 Bc5 {White
resigns} 0-1

[Event "Team 45 45 League T51"]
[Site "Internet Chess Club"]
[Date "2011.12.12"]
[Round "4"]
[White "BraafPaard"]
[Black "anna"]
[Result "1-0"]
[WhiteElo "1581"]
[BlackElo "1667"]
[Opening "King's gambit"]
[ECO "C30"]
[Time "20:00:16"]
[TimeControl "2700+45"]

1. e4 e5 2. f4 d6 3. Nf3 Nc6 4. d4 exd4 5. Nxd4 Nxd4 6. Qxd4 Nf6 7. Nc3 g6 8.
Be2 Bg7 9. Qd3 O-O 10. O-O Re8 11. Bf3 b6 12. e5 dxe5 13. Qxd8 Rxd8 14. Bxa8
exf4 15. Bxf4 Ba6 16. Bf3 Bxf1 17. Rxf1 c5 18. Rd1 Re8 19. Kf1 h6 20. Nb5 a5 21.
b3 g5 22. Bc7 g4 23. Be2 Re6 24. a4 h5 25. Rd6 Rxd6 26. Bxd6 Ne8 27. Be7 Bf6 28.
Bxf6 Nxf6 29. Nd6 Nd5 30. c4 Nf6 31. Bd3 Kf8 32. Nc8 Nd7 33. Bf5 Ke8 34. Bxd7+
Kxd7 35. Nxb6+ Ke6 36. g3 Ke5 37. Ke2 f5 38. Nd7+ Kd4 39. Kd2 f4 40. gxf4 Ke4
41. Nxc5+ Kxf4 42. Nd3+ Ke4 43. c5 Kd5 44. Ke3 h4 45. Kf4 g3 46. Kf3 gxh2 47.
Kg2 h3+ 48. Kxh2 Kc6 49. Kxh3 Kd5 50. Kg4 Kc6 51. Kf4 Kd7 52. Ke5 Kc6 53. Ke6
Kc7 54. Kd5 Kd7 55. Ne5+ Kc7 56. Nc6 Kb7 57. Nxa5+ Kc7 58. Nc6 Kc8 59. b4 Kb7
60. b5 Ka8 61. Ne7 Kb7 62. Kd6 Kb8 63. Kd7 Ka8 64. c6 Ka7 65. c7 Kb6 66. c8=Q
Ka5 67. Qc6 Kb4 68. b6 Kb3 69. b7 Ka3 70. b8=Q Ka2 71. a5 Ka1 72. a6 Ka2 73. a7
Ka1 74. a8=Q# {Black checkmated} 1-0

[Event "Team 45 45 League T51"]
[Site "Internet Chess Club"]
[Date "2011.12.02"]
[Round "4"]
[White "SaltofLife"]
[Black "Deckfuel"]
[Result "1-0"]
[WhiteElo "1959"]
[BlackElo "1983"]
[Opening "Nimzo-Indian: classical, 4...c5"]
[ECO "E38"]
[Time "04:00:58"]
[TimeControl "2700+45"]

1. d4 Nf6 2. c4 e6 3. Nc3 Bb4 4. Qc2 c5 5. dxc5 Nc6 6. Nf3 O-O 7. Bg5 Bxc5 8.
Rd1 Qb6 9. e3 Ng4 10. a3 h6 11. Bf4 e5 12. Bg3 f5 13. Nd5 Qd8 14. b4 f4 15. Bh4
Be7 16. Bxe7 Nxe7 17. h3 fxe3 18. hxg4 exf2+ 19. Kxf2 d6 20. Kg3 Nxd5 21. Rxd5
Be6 22. Rxh6 Rf6 23. Qh7+ Kf8 24. Qh8+ Bg8 25. Rh7 Qe7 26. Nh4 Qf7 27. Bd3 Rc8
28. g5 Rf4 29. Ng6+ {Black resigns} 1-0

[Event "Team 45 45 League T51"]
[Site "Internet Chess Club"]
[Date "2011.12.08"]
[Round "4"]
[White "Goli"]
[Black "chessateer"]
[Result "1-0"]
[WhiteElo "1871"]
[BlackElo "1787"]
[Opening "Ruy Lopez: exchange variation"]
[ECO "C68"]
[Time "12:05:06"]
[TimeControl "2700+45"]

1. e4 e5 2. Nf3 Nc6 3. Bb5 a6 4. Bxc6 dxc6 5. h3 Nf6 6. O-O Bd6 7. d4 Qe7 8. Re1
Bd7 9. Bg5 h6 10. Bxf6 Qxf6 11. dxe5 Bxe5 12. Nxe5 Qxe5 13. Nc3 O-O-O 14. Qf3 f5
15. exf5 Qxf5 16. Qe3 Kb8 17. Ne4 Rde8 18. f3 g5 19. Qc3 Rhf8 20. Nc5 Bc8 21.
Rxe8 Rxe8 22. Ne4 Rf8 23. Qg7 Be6 24. Qxh6 Bd5 25. Re1 Re8 26. Qh5 Bf7 27. Qg4
Qxg4 28. hxg4 Bd5 29. Kf2 Bxe4 30. Rxe4 Rxe4 31. fxe4 Kc8 32. Ke3 Kd7 33. e5 Ke6
34. Ke4 c5 35. g3 c6 36. a4 b5 37. a5 b4 38. c3 {Black resigns} 1-0